 Dungeon Crawl Stone Soup version 0.27.1-34-g3ba077fa99 (webtiles) character file.

Game seed: 14015897800187587917

82 hawla the Conjurer (level 4, -5/33 HPs)
             Began as a Draconian Conjurer on Jan 26, 2022.
             Killed by divine providence
             ... invoked by an orc priest
              (14 damage)
             ... on level 3 of the Dungeon on Jan 27, 2022.
             The game lasted 00:05:48 (2091 turns).

hawla the Conjurer (Draconian Conjurer)             Turns: 2091, Time: 00:05:49

Health: -5/33      AC:  5    Str:  9    XL:     4   Next: 21%
Magic:  8/8        EV: 12    Int: 19    God:
Gold:   9          SH:  0    Dex: 10    Spells: 2/9 levels left

rFire    . . .     SeeInvis .   c - +1 short sword (elec)
rCold    . . .     Faith    .   (no shield)
rNeg     . . .     Spirit   .   (armour unavailable)
rPois    .         Reflect  .   (helmet restricted)
rElec    .         Harm     .   (no cloak)
rCorr    .         Rampage  .   (no gloves)
Will     .....                  (no boots)
Stlth    ++........             (no amulet)
HPRegen  0.11/turn              (no ring)
MPRegen  0.11/turn              (no ring)

@: no status effects
A: AC +5, unfitting armour, cold-blooded
a: no special abilities


You were on level 3 of the Dungeon.
You visited 1 branch of the dungeon, and saw 3 of its levels.

You collected 74 gold pieces.
You spent 65 gold pieces at shops.

Inventory:

Hand Weapons
 c - a +1 short sword of electrocution (weapon)
Missiles
 g - 8 boomerangs
Jewellery
 j - a ring of positive energy
Scrolls
 a - 3 scrolls of identify
 f - a scroll of magic mapping {unknown}
 k - a scroll of noise
Potions
 b - a potion of heal wounds {unknown}
 d - 2 potions of curing
 e - a potion of lignification {unknown}
 h - 2 potions of mutation {unknown}
 i - a potion of haste {unknown}
 l - a potion of experience {unknown}
 m - a potion of might {unknown}
 n - a potion of berserk rage {unknown}


   Skills:
 + Level 0.0 Short Blades
 - Level 1.7 Dodging
 - Level 1.7 Stealth
 + Level 3.2 Spellcasting
 - Level 4.0 Conjurations
 + Level 2.6 Transmutations


You had 2 spell levels left.
You knew the following spells:

 Your Spells              Type           Power      Damage    Failure   Level
a - Magic Dart            Conj           72%        1d6       3%          1
b - Searing Ray           Conj           36%        3d4       4%          2
c - Iskenderun's Mystic   Conj/Tloc      10%        2d4       54%         4

Your spell library contained the following spells:

 Spells                   Type           Power      Damage    Failure   Level
 Foxfire                  Conj/Fire      40%        2x1d6     7%          1
 Dazzling Flash           Conj/Hex       20%        N/A       21%         3
 Tukima's Dance           Hex            3%         N/A       41%         3
 Fulminant Prism          Conj/Hex       5%         3d7       54%         4
 Passage of Golubria      Tloc           N/A        N/A       83%         4
 Yara's Violent Unravell  Hex/Tmut       4%         3d4       94%         5


Dungeon Overview and Level Annotations

Branches:
Dungeon (3/15)

Altars:

Shops:
D:1 ?   D:2 (


Innate Abilities, Weirdness & Mutations

Your plain brown scales are hard. (AC +5)
You cannot fit into any form of body armour.
You are cold-blooded and may be slowed by cold attacks.


Message History

n - a white potion The orc shouts!
You hear an angry hiss.
A bat comes into view.
The bat hits you but does no damage.
You see here 4 gold pieces.
The bat hits you but does no damage.
There is an escape hatch in the ceiling here.
The bat hits you but does no damage. A mysterious force pulls you upwards.
The hatch slams shut behind you.
Casting: Magic Dart (safe; 3% risk of failure)
Confirm with . or Enter, or press ? or * to list all spells.
Aiming: Searing Ray (safe; 4% risk of failure)
Press: ? - help, Shift-Dir - straight line, f - orc
Aim: an orc, wielding a +0 whip and wearing a +0 leather armour (78% to hit)
The searing ray hits the orc.
The orc is heavily wounded. (Press . to maintain the ray.)
The orc closely misses you.
The searing ray hits the orc!
You kill the orc!
Magic restored.
Things that are here:
a +0 whip; a +0 leather armour; an orc corpse Done exploring.
(D) Dungeon
Where to? (Enter - D:3, ? - help)
What level of the Dungeon? (default 1, ? - help)
You see here a +0 spear.
There is a stone staircase leading down here.
You climb downwards.
The orc misses you.
The orc hits you from afar with a +0 trident.
The orc priest mumbles some strange prayers to Beogh against you.
Beogh smites you!
There is a stone staircase leading up here.
The bat hits you.
The orc hits you from afar with a +0 trident.
* * * LOW HITPOINT WARNING * * *
The orc priest mumbles some strange prayers to Beogh against you.
Beogh smites you!
You die...

##### ## #...### #...##
...####.....# .....##
......#.@## ......#
#...b.## ......#
##oo#..## ......#
##..o...# .....# ###
##...##..##.....##
.....#..#.#.o.$<......#
....o.....#.##..b.....#
..........#. ##.......#
......$...#. #......##


You could see an orc priest, 2 orcs and a bat.

Vanquished Creatures
  Terence (D:2)
  An adder (D:2)
  A dart slug (D:1)
  An orc (D:2)
  2 endoplasms
  4 goblins
  8 hobgoblins
  A quokka (D:1)
  6 ball pythons
  3 bats
  2 frilled lizards
  9 kobolds
  4 rats (D:1)
43 creatures vanquished.

Vanquished Creatures (others)
  A fungus (D:1)
  A plant (D:2)
2 creatures vanquished.

Grand Total: 45 creatures vanquished

Notes
Turn   | Place    | Note
-------+----------+-------------------------------------------
     0 | D:1      | hawla the Draconian Conjurer began the quest for the Orb.
     0 | D:1      | Reached XP level 1. HP: 14/14 MP: 3/3
    21 | D:1      | Found Cioffesu's Magic Scroll Shoppe.
   213 | D:1      | Reached skill level 1 in Transmutations
   302 | D:1      | Reached XP level 2. HP: 20/20 MP: 1/5
   441 | D:1      | Learned a level 2 spell: Searing Ray
   620 | D:1      | Found a faded altar of an unknown god.
   635 | D:1      | Got Plato's Reference Book on Heat
  1123 | D:1      | Reached XP level 3. HP: 26/26 MP: 4/7
  1434 | D:2      | Noticed Terence
  1445 | D:2      | Killed Terence
  1597 | D:2      | Reached XP level 4. HP: 33/33 MP: 8/8
  1602 | D:2      | Learned a level 4 spell: Iskenderun's Mystic Blast
  1633 | D:1      | Bought a scroll of identify for 26 gold pieces
  1633 | D:1      | Bought a scroll of identify for 26 gold pieces
  1633 | D:1      | Bought a scroll of noise for 13 gold pieces
  1975 | D:2      | Found Coigoy's Antique Weapon Shop.
  2091 | D:3      | Killed from afar by an orc priest

Illustrated notes

Levels and vault maps discovered:
D:1:      matt_arrival_diagonals, layout_loops_ring, serial_shops,
          nicolae_diamond_shop, shapermc_ecumenical_altar_rom_forum
D:2:      layout_rooms, serial_shops, shop, serial_bayou_crossing, uniq_terence
D:3:      layout_rooms, grunt_temple_overflow_forces_of_nature,
          old_standard_altar, minmay_cut_off, uniq_ijyb

Skill      XL: |  1  2  3 |
---------------+----------+-----
Transmutations | 1 2 |  2.6
Spellcasting   | 3 |  3.2
Dodging        | |  1.7
Stealth        | |  1.7
Conjurations   | |  4.0

Action                   |  1- 3 |  4- 6 || total
-------------------------+-------+-------++-------
Melee: Unarmed           |     8 |       ||     8
       Tailslap          |     3 |       ||     3
       Short sword       |    24 |     3 ||    27
 Cast: Magic Dart        |    26 |     4 ||    30
       Searing Ray       |    16 |     2 ||    18
       Iskenderun's Myst |       |     1 ||     1
 Stab: Sleeping          |     2 |       ||     2
Armor: Skin              |    10 |     5 ||    15
Dodge: Dodged            |    26 |     4 ||    30
